 Dungeon Crawl Stone Soup version 0.29.1-1-gd02db6906a (webtiles) character file.

Game seed: 18428914981956454416

273 funnyparkerb the Sneak (level 6, -7/32 HPs)
             Began as a Vine Stalker Brigand on Oct 20, 2022.
             Splashed by a jelly's acid (8 damage)
             ... on level 4 of the Dungeon.
             The game lasted 00:06:06 (3160 turns).

funnyparkerb the Sneak (Vine Stalker Brigand)       Turns: 3160, Time: 00:06:06

Health: -7/32      AC: -13   Str: 13    XL:     6   Next: 23%
Magic:  0/7        EV: 12    Int: 11    God:
Gold:   191        SH:  0    Dex: 18    Spells: 5/5 levels left

rFire   . . .      SeeInvis .   a - +2 dagger
rCold   . . .      Faith    .   (no shield)
rNeg    . . .      Spirit   +   b - +0 robe
rPois   .          Reflect  .   (no helmet)
rElec   .          Harm     .   c - +0 cloak
rCorr   .          Rampage  .   (no gloves)
Will    .....                   (no boots)
Stlth   +++.......              (no amulet)
HPRegen 0.90/turn               (no ring)
MPRegen 0.10/turn               (no ring)

@: corroded
A: fangs 2, regeneration 1, magic shield, antimagic bite, no potion heal 2
a: no special abilities


You were on level 4 of the Dungeon.
You visited 1 branch of the dungeon, and saw 4 of its levels.

You collected 191 gold pieces.

Inventory:

Hand Weapons
 a - a +2 dagger (weapon)
Missiles
 d - 4 poisoned darts (quivered)
Armour
 b - a +0 robe (worn)
 c - a +0 cloak (worn)
 l - a +0 chain mail
 p - a +0 scale mail
 q - a +0 ring mail
Jewellery
 s - a ring of ice
Scrolls
 g - a scroll of enchant armour {unknown}
 k - 3 scrolls of identify {unknown}
 r - 2 scrolls of summoning {unknown}
Potions
 f - a potion of heal wounds {unknown}
 h - a potion of invisibility {unknown}
 i - a potion of might {unknown}
 j - 2 potions of lignification {unknown}
 m - a potion of degeneration {unknown}
 n - a potion of flight {unknown}
 o - 3 potions of mutation {unknown}
 t - a potion of ambrosia {unknown}
 u - a potion of berserk rage {unknown}


   Skills:
 - Level 3.0 Fighting
 + Level 4.7 Short Blades
 - Level 1.7 Throwing
 - Level 2.0 Dodging
 - Level 4.8 Stealth


You had 5 spell levels left.
You didn't know any spells.
Your spell library contained the following spells:

 Spells                   Type           Power      Damage    Failure   Level
 Slow                     Hex            0%         N/A       34%         1
 Confusing Touch          Hex            0%         N/A       71%         3
 Vampiric Draining        Necr           0%         2d6       71%         3
 Dispersal                Tloc           0%         N/A       100%        6
 Disjunction              Tloc           0%         N/A       100%        8


Dungeon Overview and Level Annotations

Branches:
Dungeon (4/15)
 Temple: D:4-7

Altars:

Shops:
D:3 *


Innate Abilities, Weirdness & Mutations

You have extremely sharp teeth.
Your natural rate of healing is unusually fast.
When hurt, damage is shared between your health and your magic reserves.
Your bite disrupts and absorbs the magic of your enemies.
Potions cannot restore your health.


Message History

You don't have any such object.
Fire/throw/use which item? ([*] to toss any item) (? for menu, Esc to quit)
Okay, then.
Throw: 9 darts (poison)
Press: ? - help, Shift-Dir - straight line, f/p - jelly
Aim: a jelly (heavily wounded, 90% to hit)
You throw a poisoned dart. The poisoned dart hits the jelly.
The jelly is poisoned.
The jelly is heavily wounded.
The jelly attacks as you move away! The jelly barely misses you.
The jelly looks more healthy.
Throw: 8 darts (poison)
Press: ? - help, Shift-Dir - straight line, f/p - jelly
Aim: a jelly (severely wounded, 90% to hit)
You throw a poisoned dart. The poisoned dart hits the jelly.
The jelly is severely wounded.
The jelly closely misses you.
Throw: 7 darts (poison)
Press: ? - help, Shift-Dir - straight line, f/p - jelly
Aim: a jelly (severely wounded, 90% to hit)
You throw a poisoned dart.
The poisoned dart barely misses the jelly.
The jelly closely misses you.
Throw: 6 darts (poison)
Press: ? - help, Shift-Dir - straight line, f/p - jelly
Aim: a jelly (severely wounded, 90% to hit)
You throw a poisoned dart. The poisoned dart hits the jelly.
The jelly is severely wounded.
The jelly hits you.
You are splashed with acid!
Throw: 5 darts (poison)
Press: ? - help, Shift-Dir - straight line, f/p - jelly
Aim: a jelly (severely wounded, 90% to hit)
You throw a poisoned dart. The poisoned dart hits the jelly.
The jelly is severely wounded.
The jelly hits you. The acid corrodes you!
You are splashed with acid!
* * * LOW HITPOINT WARNING * * *
The jelly attacks as you move away! The jelly hits you.
* * * LOW HITPOINT WARNING * * *
The acid corrodes you!
You are splashed with acid!
You die...

#....##....†...###.........$..
.................#..#.........
#..(#######............$......
...## ##.#....#..#).......
#### #.#....#..#........ #
###....#.)...........
##########............###.##..
.......##.............###.# .
######..........@J(....(# #
##.................<.(.(..
##..................######
###...................#
####.>.#.............^...#
.....##.......†.........>..
###.........)............###
##......##.....##...###...
##.....#######.# ..##


You could see a jelly.

Vanquished Creatures
  A necrophage (D:4)
  A scorpion (D:4)
  Natasha (twice) (D:2)
  5 adders
  2 dart slugs
  2 endoplasms (D:3)
  2 giant cockroaches (D:1)
  6 goblins
  4 hobgoblins
  12 jackals
  5 kobolds
  A quokka (D:4)
  4 ball pythons
  A bat (D:2)
  4 rats (D:2)
52 creatures vanquished.

Notes
Turn   | Place    | Note
-------+----------+-------------------------------------------
     0 | D:1      | funnyparkerb the Vine Stalker Brigand began the quest for
                  | the Orb.
     0 | D:1      | Reached XP level 1. HP: 11/11 MP: 2/2
   509 | D:1      | Reached XP level 2. HP: 13/15 MP: 3/3
  1121 | D:2      | Reached XP level 3. HP: 6/18 MP: 4/4
  1393 | D:2      | Found a faded altar of an unknown god.
  1402 | D:2      | Noticed Natasha
  1408 | D:2      | Killed Natasha
  1409 | D:2      | Gained mutation: Your natural rate of healing is unusually
                  | fast. [Vine Stalker growth]
  1409 | D:2      | Reached XP level 4. HP: 14/23 MP: 2/5
  1492 | D:2      | Reached skill level 1 in Dodging
  1528 | D:2      | Noticed Natasha
  1542 | D:2      | Killed Natasha
  2156 | D:3      | Found Daazigeq's General Store.
  2422 | D:3      | Reached XP level 5. HP: 24/28 MP: 3/6
  3106 | D:4      | Reached XP level 6. HP: 21/32 MP: 3/7
  3160 | D:4      | HP: 1/32 [jelly (3)]
  3160 | D:4      | Splashed by a jelly's acid

Illustrated notes

Levels and vault maps discovered:
D:1:      doesnt_arrival_eight_statues, layout_basic
D:2:      layout_basic, ebering_ecumenical_altar_box, uniq_natasha
D:3:      layout_basic, serial_shops, shop
D:4:      layout_rooms, minmay_cupped

Skill      XL: |  1  2  3  4  5 |
---------------+----------------+-----
Short Blades   | 2 3 4 |  4.7
Fighting       | 2 3 |  3.0
Dodging        | 2 |  2.0
Throwing       | |  1.7
Stealth        | |  4.8

Action                   |  1- 3 |  4- 6 || total
-------------------------+-------+-------++-------
Melee: Dagger            |    38 |   131 ||   169
       Bite              |    10 |    27 ||    37
       Punch             |     1 |     2 ||     3
Throw: Dart              |     7 |    12 ||    19
 Stab: Sleeping          |     2 |     6 ||     8
Armor: Robe              |     6 |    19 ||    25
Dodge: Dodged            |    25 |    74 ||    99
